 Dungeon Crawl Stone Soup version 0.18-a0-921-g28655ce (webtiles) character file.

20024 st0uf the Carver (level 13, -4/101 HPs)
             Began as a Formicid Fighter on Dec 27, 2015.
             Was the Champion of Makhleb.
             Killed from afar by Fannar (39 damage)
             ... with a bolt of cold
             ... on level 12 of the Dungeon on Dec 28, 2015.
             The game lasted 01:37:06 (19554 turns).

st0uf the Carver (Formicid Fighter)                Turns: 19554, Time: 01:37:06

Health: -4/101     AC: 16    Str: 26    XL:     13   Next: 9%
Magic:  13/13      EV: 13    Int:  8    God:    Makhleb [******]
Gold:   912        SH: 13    Dex: 10    Spells: 0 memorised, 12 levels left

rFire  . . .     SeeInvis +     O - +2 scimitar (freeze)
rCold  . . .     Gourm    .     T - +1 scale mail of Xyit {rElec rCorr Stlth-}
rNeg   . . .     Faith    .     c - +0 shield
rPois  .         Spirit   .     (helmet unavailable)
rElec  +         Dismiss  .     Q - +1 cloak
rCorr  +         Reflect  .     (no gloves)
SustAt .         Harm     .     B - +0 pair of boots
MR     +....                    (no amulet)
Stlth  ..........               (no ring)
                                A - +3 ring of protection

@: somewhat resistant to hostile enchantments, extremely unstealthy
A: permanent stasis, dig shafts and tunnels, four strong arms, antennae 3
a: Dig, Shaft Self, Minor Destruction, Lesser Servant of Makhleb, Major
Destruction, Greater Servant of Makhleb, Renounce Religion


You were on level 12 of the Dungeon.
You worshipped Makhleb.
Makhleb was exalted by your worship.
You were not hungry.

You visited 4 branches of the dungeon, and saw 16 of its levels.

You collected 1512 gold pieces.
You spent 600 gold pieces at shops.

Inventory:

Hand Weapons
 a - a +0 long sword
 O - a +2 scimitar of freezing (weapon)
Armour
 b - a +0 scale mail
 c - a +0 shield (worn)
 w - the +1 buckler "Zeahedi" {Regen+}
   (You took it off a kobold on level 10 of the Dungeon)

   It increases your rate of regeneration.
 B - a +0 pair of boots (worn)
 Q - a +1 cloak (worn)
 T - the +1 scale mail of Xyit (worn) {rElec rCorr Stlth-}
   (You bought it in a shop on level 11 of the Dungeon)

   It insulates you from electricity.
   It protects you from acid and corrosion.
   It makes you less stealthy.
Jewellery
 A - a +3 ring of protection (left hand)
 G - an uncursed amulet of faith
Wands
 g - a wand of frost (4/48)
 h - a wand of frost (17/48)
 t - a wand of random effects (13/48)
 x - a wand of digging (10/24)
 I - a wand of lightning (4/15)
 M - a wand of fireball (8/15)
Scrolls
 j - 2 scrolls of blinking {unknown}
 k - 2 scrolls of recharging {unknown}
 l - 4 scrolls of teleportation {unknown}
 m - 4 scrolls of remove curse
 o - 2 scrolls of magic mapping {unknown}
 r - 4 scrolls of fog {unknown}
 u - 3 scrolls of random uselessness {unknown}
 y - 5 scrolls of noise {unknown}
 z - 3 scrolls of identify
 D - 3 scrolls of amnesia {unknown}
 E - 3 scrolls of fear {unknown}
 K - 2 scrolls of enchant armour
 U - a scroll of holy word {unknown}
Potions
 d - a potion of ambrosia {unknown}
 e - 4 potions of mutation
 n - 2 potions of brilliance
 p - a potion of flight
 C - a potion of heal wounds
 F - a potion of resistance {unknown}
 J - 2 potions of curing
 L - a potion of berserk rage {unknown}
 R - a potion of cure mutation {unknown}
 S - 2 potions of might
Books
 H - a book of the Sky

   Spells                             Type                      Level
   a - Summon Lightning Spire         Summoning/Air                4
   b - Airstrike                      Air                          4
   c - Silence                        Hexes/Air                    5
   d - Deflect Missiles               Charms/Air                   6
   e - Conjure Ball Lightning         Conjuration/Air              6
   f - Tornado                        Air                          9
Miscellaneous
 v - an ornate deck of defence
Comestibles
 f - 11 bread rations
 i - 10 meat rations
 q - 7 royal jellies
 s - 3 chunks of flesh
 N - a slice of pizza
 P - 6 fruits


   Skills:
 + Level 9.3 Fighting
 * Level 13.0 Long Blades
 + Level 9.0 Armour
 + Level 6.9 Dodging
 + Level 11.4 Shields
 - Level 0.2 Evocations


You had 12 spell levels left.
You didn't know any spells.

Dungeon Overview and Level Annotations

Branches:
Dungeon (12/15)            Temple (1/1) D:6            Lair (1/8) D:11
    Orc (2/2) D:10            Elf (0/3) Orc:2

Altars:
Ashenzari
Cheibriados
Dithmenos
Elyvilon
Fedhas
Gozag
Kikubaaqudgha
Makhleb
Nemelex Xobeh
Okawaru
Pakellas
Qazlal
Ru
Sif Muna
Trog
Vehumet
Xom
Yredelemnul
Zin
The Shining One

Shops:
D:7 %   D:9 *   D:11 *   Orc:2 !

Annotations:
D:8 1 exclusion
D:9 exclusion: obsidian statue
D:12 Fannar


Innate Abilities, Weirdness & Mutations

You are under a permanent stasis effect.
You can dig through walls and to a lower floor.
Your four strong arms can wield two-handed weapons with a shield.
You have a pair of large antennae on your head (SInv).


Message History

Fannar blocks your attack.
Fannar is heavily wounded.
The ice beast hits you but does no damage.
Fannar barely misses you.
You slash Fannar! You freeze Fannar.
Fannar is severely wounded.
The ice beast hits you but does no damage.
The ice beast barely misses you. You block the ice beast's attack.
You slash Fannar!
Fannar is almost dead.
Fannar hits you with a quarterstaff of freezing.
Fannar freezes you.
The ice beast hits you but does no damage.
You block the ice beast's attack. x2
You hit Fannar.
Fannar is almost dead.
The ice beast misses you.
Fannar points at you and mumbles some strange words.
The bolt of cold hits you!
You die...

#......#
#......#
#......#
#......#
#......#
#......#
#......#
...#..YY..#
#...'..e@..#
#...#..Y...#
#####......#
###+####


You could see Fannar and 3 ice beasts.

Vanquished Creatures
  A hydra (Lair:1)
  2 hill giants
  2 deep elf magi
  An ugly thing (D:11)
  An orc knight (Orc:1)
  An elephant (Lair:1)
  A gargoyle (D:10)
  A spiny frog (Lair:1)
  2 komodo dragons (Lair:1)
  6 trolls
  A queen bee (D:8)
  5 blink frogs (Lair:1)
  12 yaks
  A basilisk (Lair:1)
  7 swamp worms (Lair:1)
  A hippogriff (Lair:1)
  3 hungry ghosts
  5 wargs
  A soldier ant (D:12)
  4 ice beasts
  12 orc warriors
  2 sky beasts
  3 black bears
  9 ogres
  A water moccasin (Lair:1)
  3 porcupines (Lair:1)
  A necrophage (D:10)
  2 phantoms
  5 centaurs
  A crocodile (Lair:1)
  6 giant frogs
  4 big kobolds
  3 scorpions
  2 electric eels (D:11)
  4 wights (D:8)
  4 crimson imps
  34 killer bees
  A quasit (D:9)
  2 centaur zombies
  2 giant frog zombies
  4 giant frog skeletons
  6 iguanas
  6 hounds
  6 orc priests
  A centaur skeleton (D:9)
  Natasha (thrice) (D:4)
  11 worker ants
  A gnoll shaman (D:4)
  9 orc wizards
  2 killer bee zombies
  8 ogre zombies (D:10)
  A hound skeleton (D:11)
  5 gnolls
  16 adders
  A worker ant zombie (D:5)
  19 river rats (Lair:1)
  6 shadow imps
  An ooze (D:4)
  An adder skeleton (D:8)
  14 worms
  7 giant geckos
  40 orcs
  6 giant cockroaches
  8 hobgoblins
  6 ball pythons
  8 bats
  6 giant newts
  13 goblins
  A goblin skeleton (D:10)
  4 goblin zombies (D:10)
  A hobgoblin skeleton (D:10)
  3 hobgoblin zombies (D:10)
  24 kobolds
  4 orc skeletons (D:10)
  12 orc zombies (D:10)
  3 quokkas
  A quokka skeleton (D:8)
  9 rats
436 creatures vanquished.

Vanquished Creatures (others)
  3 plants (Lair:1)
3 creatures vanquished.

Grand Total: 439 creatures vanquished

Notes
Turn   | Place    | Note
--------------------------------------------------------------
     0 | D:1      | st0uf the Formicid Fighter began the quest for the Orb.
     0 | D:1      | Reached XP level 1. HP: 18/18 MP: 1/1
   159 | D:1      | Reached XP level 2. HP: 24/24 MP: 2/2
   712 | D:1      | Reached XP level 3. HP: 26/29 MP: 3/3
   936 | D:2      | Reached skill level 4 in Shields
  1448 | D:2      | Reached XP level 4. HP: 33/37 MP: 4/4
  1612 | D:2      | Reached skill level 1 in Dodging
  2338 | D:3      | Found a stormy altar of Qazlal.
  2687 | D:4      | Reached XP level 5. HP: 37/42 MP: 5/5
  2789 | D:4      | Found an oddly glowing altar of Pakellas.
  2966 | D:4      | Reached XP level 6. HP: 40/48 MP: 6/6
  3185 | D:4      | Reached skill level 5 in Shields
  3210 | D:4      | Reached XP level 7. HP: 50/54 MP: 7/7
  3394 | D:4      | Found a shattered altar of Ashenzari.
  3568 | D:4      | Noticed Natasha
  3577 | D:4      | Killed Natasha
  3580 | D:4      | Noticed Natasha
  3599 | D:4      | Killed Natasha
  3791 | D:4      | Noticed Natasha
  3797 | D:4      | Killed Natasha
  3797 | D:4      | Reached skill level 5 in Armour
  4142 | D:5      | Entered Level 5 of the Dungeon
  4547 | D:5      | Reached skill level 5 in Long Blades
  4547 | D:5      | Reached XP level 8. HP: 56/61 MP: 8/8
  4756 | D:5      | Got a bloodstained ring mail
  4757 | D:5      | Identified the +1 ring mail "Gidink" {rN+++ MP+9 Str+4 Slay-5} (You found it on level 5 of the Dungeon)
  4927 | D:5      | Reached skill level 6 in Shields
  5247 | D:5      | Found a bloodstained altar of Trog.
  5255 | D:5      | Found a basalt altar of Yredelemnul.
  5320 | D:6      | Reached skill level 5 in Fighting
  5398 | D:6      | Found a staircase to the Ecumenical Temple.
  5428 | Temple   | Entered the Ecumenical Temple
  5522 | D:6      | Found an iron altar of Okawaru.
  5523 | D:6      | Found a blossoming altar of Fedhas.
  5731 | D:6      | Found a sparkling altar of Nemelex Xobeh.
  6000 | D:3      | Reached XP level 9. HP: 16/68 MP: 9/9
  6804 | D:7      | Found a deep blue altar of Sif Muna.
  6923 | D:7      | Found a burning altar of Makhleb.
  6925 | D:7      | Found a glowing silver altar of Zin.
  6925 | D:7      | Noticed an angel
  6925 | D:7      | Noticed a cacodemon
  6928 | D:7      | Became a worshipper of Makhleb the Destroyer
  7081 | D:7      | Found Kig Asua's Food Emporium.
  7392 | D:8      | Reached skill level 7 in Shields
  7939 | D:8      | Reached * piety under Makhleb
  8044 | D:8      | Found a snail-covered altar of Cheibriados.
  8152 | D:8      | Noticed a queen bee
  8889 | D:8      | Reached skill level 8 in Shields
  8967 | D:8      | Reached XP level 10. HP: 68/76 MP: 10/10
 10102 | D:8      | Reached skill level 5 in Dodging
 10210 | D:8      | Reached ** piety under Makhleb
 10395 | D:9      | Noticed an obsidian statue
 10831 | D:9      | Found Uffube's General Store.
 10839 | D:9      | Bought a potion of curing for 33 gold pieces
 10839 | D:9      | Bought a scroll of enchant armour for 82 gold pieces
 10839 | D:9      | Bought a potion of heal wounds for 55 gold pieces
 10839 | D:9      | Bought a scroll of identify for 22 gold pieces
 10873 | D:10     | Entered Level 10 of the Dungeon
 11273 | D:10     | Reached skill level 9 in Shields
 11297 | D:10     | Found a staircase to the Orcish Mines.
 11547 | D:10     | Reached *** piety under Makhleb
 11724 | D:10     | Reached XP level 11. HP: 42/84 MP: 11/11
 11944 | D:10     | Noticed a deep elf mage
 11961 | D:10     | Killed a deep elf mage
 12408 | D:10     | Reached skill level 10 in Long Blades
 12665 | D:10     | Got an ancient buckler
 12676 | D:10     | Identified the +1 buckler "Zeahedi" {Regen+} (You took it off a kobold on level 10 of the Dungeon)
 12791 | D:11     | Found a staircase to the Lair.
 12814 | Lair:1   | Entered Level 1 of the Lair of Beasts
 12921 | Lair:1   | Reached **** piety under Makhleb
 13062 | Lair:1   | Reached skill level 10 in Shields
 13707 | Lair:1   | Reached skill level 11 in Long Blades
 13783 | Lair:1   | Reached ***** piety under Makhleb
 14466 | Lair:1   | Reached XP level 12. HP: 81/94 MP: 12/12
 14479 | Lair:1   | Noticed a six-headed hydra
 14491 | Lair:1   | Killed a six-headed hydra
 15200 | Orc:1    | Entered Level 1 of the Orcish Mines
 16333 | Orc:2    | Entered Level 2 of the Orcish Mines
 16335 | Orc:2    | Noticed an orc warlord
 16363 | Orc:1    | Reached skill level 12 in Long Blades
 17301 | Orc:2    | Found a staircase to the Elven Halls.
 17466 | Orc:2    | Found Oceczeph's Distillery.
 17661 | Orc:2    | Noticed an orc warlord
 17703 | Orc:1    | Noticed an orc warlord
 18477 | D:11     | Reached ****** piety under Makhleb
 18674 | D:11     | Found Jattidun's General Store.
 18697 | D:11     | Bought the +1 scale mail of Xyit {rElec rCorr Stlth-} for 408 gold pieces
 19155 | D:12     | Reached XP level 13. HP: 97/101 MP: 13/13
 19475 | D:12     | Reached skill level 13 in Long Blades
 19532 | D:12     | Noticed Fannar
 19554 | D:12     | Killed from afar by Fannar

Vault maps used:
D:1:      minmay_arrival_glassed_features, hangedman_decor_slide_cut
D:2:      minmay_shallow_snake_nest
D:3:      overflow_temple_1_default, first_bread, minmay_ogre_servants
D:4:      grunt_pakellas_mercury, ashenzari_altar_1, uniq_natasha
D:5:      amethyst_overflow_temple_binary
D:6:      kennysheep_mini, gammafunk_temple_overflow_pools,
          minmay_temple_entry_glass, lexackson_kobold_supper
D:7:      grunt_temple_overflow_order_and_chaos_2, led_sif_pool, serial_shops,
          shop
D:8:      kennysheep_little_box, david_nohive_1, minmay_misc_feat_four_crosses,
          grunt_ministairs_5
D:9:      serial_shops, shop_statue, minmay_statue_bubble
D:10:     zombieorc2_lemuel
D:11:     lair_0_dummy, serial_shops, shop, minmay_crystal_water
D:12:     uniq_fannar
Temple:   circular_temple_pool_8
Lair:1:   worms_lemuel
Orc:1:    amalloy_card_club
Orc:2:    st_orc_pillars, serial_shops, shop, nicolae_orc_lost_temple

Action                   |  1- 3 |  4- 6 |  7- 9 | 10-12 | 13-15 || total
-------------------------+-------+-------+-------+-------+-------++-------
Melee: Long sword        |   144 |   171 |   615 |  1358 |       ||  2288
       Scimitar          |       |       |       |   269 |    44 ||   313
Invok: Lesser Servant of |       |       |       |     1 |       ||     1
 Abil: Dig               |     1 |       |     3 |    20 |       ||    24
Evoke: Wand              |       |       |       |    11 |     2 ||    13
  Use: Scroll            |       |       |     6 |     3 |       ||     9
       Potion            |       |       |     4 |     7 |       ||    11
  Eat: Chunk             |     2 |     6 |    18 |    32 |     2 ||    60
       Beef jerky        |       |       |     1 |       |       ||     1
       Fruit             |       |       |       |     4 |       ||     4
       Meat ration       |       |       |       |     1 |       ||     1
       Royal jelly       |       |       |       |     1 |       ||     1
       Pizza             |       |       |       |     1 |       ||     1
